 Dungeon Crawl Stone Soup version 0.27-a0-1184-ge86db4a01e (webtiles) character file.

Game seed: 16744870760813085677

2590 Shayle the Destroyer (level 9, -12/68 HPs)
             Began as a Naga Fire Elementalist on May 18, 2021.
             Was an Initiate of Vehumet.
             Mangled by a seven-headed hydra (15 damage)
             ... on level 7 of the Dungeon.
             The game lasted 00:24:48 (8088 turns).

Shayle the Destroyer (Naga Fire Elementalist)       Turns: 8088, Time: 00:24:49

Health: -12/68     AC:  5    Str: 10    XL:     9   Next: 58%
Magic:  23/31      EV:  9    Int: 22    God:    Vehumet [......]
Gold:   56         SH:  0    Dex: 11    Spells: 4/14 levels left

rFire    . . .     SeeInvis +   v - +1 trident (venom)
rCold    . . .     Faith    .   (no shield)
rNeg     . . .     Spirit   .   n - +0 leather armour
rPois    +         Reflect  .   t - +0 helmet
rElec    .         Harm     .   (no cloak)
rCorr    .         Rampage  .   (no gloves)
Will     +....                  (no barding)
Stlth    ++........             (no amulet)
HPRegen  0.21/turn              f - ring of magical power
MPRegen  0.22/turn              B - ring "Xogivaf" {MP+9 Int+2}

@: very slightly contaminated, very slow
A: AC +3, large, see invisible, deformed body, poison resistance, slowness 2,
spit poison 1, naga tail 1
a: Spit Poison, Renounce Religion


You were on level 7 of the Dungeon.
You worshipped Vehumet.
Vehumet was noncommittal.
You visited 2 branches of the dungeon, and saw 8 of its levels.

You collected 308 gold pieces.
You spent 252 gold pieces at shops.

Inventory:

Hand Weapons
 d - a +1 whip
 g - a +2 long sword of venom
 i - a +3 hand axe of venom
 j - a +0 vorpal flail
 k - a +1 war axe of flaming
 v - a +1 trident of venom (weapon)
Missiles
 p - 5 atropa-tipped darts
Armour
 a - a +0 robe
 n - a +0 leather armour (worn)
 t - a +0 helmet (worn)
 A - a +0 kite shield
Jewellery
 f - a ring of magical power (left hand)
 o - a ring of positive energy
 B - the ring "Xogivaf" (right hand) {MP+9 Int+2}
   (You bought it in a shop on level 6 of the Dungeon)

   [ring of magical power]

   It affects your intelligence (+2).
   It affects your magic capacity (+9).
 C - the ring of Cauvolas {+Blink rF+ Int-2 Dex+6 Stlth+}
   (You bought it in a shop on level 6 of the Dungeon)

   [ring of dexterity]

   It affects your intelligence (-2).
   It affects your dexterity (+6).
   It protects you from fire.
   It lets you blink.
   It makes you more stealthy.
Wands
 c - a wand of digging (3)
 r - a wand of acid (1)
Scrolls
 s - a scroll of amnesia
 w - 2 scrolls of fog
 y - a scroll of immolation
 z - a scroll of noise
Potions
 b - 2 potions of ambrosia
 h - a potion of flight
 m - a potion of lignification {unknown}
 u - a potion of resistance
 x - a potion of degeneration {unknown}


   Skills:
 + Level 0.0 Fighting
 - Level 1.5 Dodging
 - Level 3.0 Stealth
 - Level 3.2 Spellcasting
 + Level 10.0 Conjurations
 + Level 8.0 Fire Magic
 + Level 0.0 Evocations


You had 4 spell levels left.
You knew the following spells:

 Your Spells              Type           Power      Damage    Failure   Level
a - Foxfire               Conj/Fire      100%       2x1d9     1%          1
b - Sticky Flame          Conj/Fire      43%        2d6       4%          4
c - Fireball              Conj/Fire      21%        3d10      12%         5

Your spell library contained the following spells:

 Spells                   Type           Power      Damage    Failure   Level
 Conjure Flame            Conj/Fire      43%        6-21      1%          3
 Inner Flame              Hex/Fire       21%        N/A       10%         3
 Freeze                   Ice            12%        1d4       17%         1
 Summon Small Mammal      Summ           12%        N/A       17%         1
 Hailstorm                Conj/Ice       25%        3d7       22%         4
 Call Imp                 Summ           3%         N/A       26%         2
 Call Canine Familiar     Summ           3%         N/A       45%         3
 Frozen Ramparts          Ice            6%         1d2       45%         3
 Ozocubu's Armour         Ice            3%         N/A       45%         3
 Summon Guardian Golem    Hex/Summ       3%         N/A       45%         3
 Summon Ice Beast         Ice/Summ       3%         N/A       86%         4
 Summon Lightning Spire   Summ/Air       3%         N/A       86%         4
 Metabolic Englaciation   Hex/Ice        1%         N/A       99%         5


Dungeon Overview and Level Annotations

Branches:
Dungeon (7/15)             Temple (1/1) D:7

Altars:
Ashenzari
Cheibriados
Elyvilon
Gozag
Hepliaklqana
Kikubaaqudgha
Makhleb
Ru
Sif Muna
Trog
Uskayaw
Vehumet
Xom
Zin
The Shining One

Shops:
D:6 *![

Annotations:
D:4 1 runed translucent door, HendSelp's ghost, amateur GnGl
D:7 1 runed translucent door


Innate Abilities, Weirdness & Mutations

Your serpentine skin is tough. (AC +3)
You have supernaturally acute eyesight. (SInv)
Armour fits poorly on your strangely shaped body.
Your system is resistant to poisons. (rPois)
You cover ground very slowly.
You can spit poison.
You have a snake-like lower body.


Message History

The sticky flame hits the seven-headed hydra!
The seven-headed hydra is lightly wounded.
The seven-headed hydra is covered in liquid flames!
The seven-headed hydra burns!
The seven-headed hydra bites you! x2
The seven-headed hydra closely misses you.
The seven-headed hydra bites you! The seven-headed hydra bites you.
The seven-headed hydra barely misses you.
The seven-headed hydra bites you.
Aiming: Corrosive Bolt
Press: ? - help, Shift-Dir - straight line, f/p - seven-headed hydra
Aim: a seven-headed hydra (lightly wounded, covered in liquid flames, 93% to hit)
The bolt of acid hits the seven-headed hydra!
The seven-headed hydra is splashed with acid.
The acid corrodes the seven-headed hydra!
The seven-headed hydra is heavily wounded.
The seven-headed hydra burns!
The seven-headed hydra bites you.
* * * LOW HITPOINT WARNING * * *
The seven-headed hydra barely misses you.
The seven-headed hydra bites you.
* * * LOW HITPOINT WARNING * * *
The seven-headed hydra misses you.
The seven-headed hydra bites you but does no damage.
The seven-headed hydra barely misses you.
The seven-headed hydra bites you but does no damage.
Aiming: Corrosive Bolt
Press: ? - help, Shift-Dir - straight line, f/p - seven-headed hydra
Aim: a seven-headed hydra (heavily wounded, covered in liquid flames, covered in acid, 93% to hit)
The bolt of acid hits the seven-headed hydra!
The seven-headed hydra is splashed with acid.
The seven-headed hydra seems to be corroded for longer.
The seven-headed hydra is severely wounded.
The seven-headed hydra burns!
The seven-headed hydra bites you!
* * * LOW HITPOINT WARNING * * *
The seven-headed hydra bites you.
* * * LOW HITPOINT WARNING * * *
The seven-headed hydra bites you.
* * * LOW HITPOINT WARNING * * *
The seven-headed hydra bites you but does no damage.
The seven-headed hydra bites you!
You die...

#.........###.## #.# #.#.#.
#.........##...###.###...#.
#.#....)..#.....#..........
# ####h..................#.
##..##.....#..#####.#.
#..###...##..# #.#.
#####..# ##.###..#####.#.
.......####.###..........
#...hD@............###.
#.###########.####.# #. #.
#.# #.# #. #.# #.###. #.#
#..... #.########.
#.......... ###########


You could see a seven-headed hydra (burning, corroded) and a howler monkey.

Vanquished Creatures
  A cyclops (D:7)
  An unseen horror (D:7)
  A steam dragon (D:7)
  A vampire mosquito (D:7)
  Menkaure (D:7)
  An orc warrior (Temple)
  A hornet zombie (D:7)
  5 ogres
  A black bear (D:5)
  A gnoll sergeant (D:5)
  2 scorpions (D:5)
  2 bullfrogs
  A wight (D:7)
  A howler monkey (D:6)
  A bullfrog zombie (D:5)
  2 hounds
  A centaur skeleton (D:4)
  An orc priest (D:3)
  2 bullfrog skeletons
  3 iguanas
  Ijyb (D:4)
  3 gnolls
  6 adders
  An ufetubus (D:6)
  An adder skeleton (D:4)
  4 worms
  10 orcs
  2 bats (D:3)
  10 endoplasms
  2 giant cockroaches
  8 hobgoblins
  6 jackals
  3 kobolds
  4 quokkas
  6 ball pythons
  4 frilled lizards
  4 goblins
  6 rats
111 creatures vanquished.

Vanquished Creatures (others)
  221 foxfires
221 creatures vanquished.

Grand Total: 332 creatures vanquished

Notes
Turn   | Place    | Note
-------+----------+-------------------------------------------
     0 | D:1      | Shayle the Naga Fire Elementalist began the quest for the
                  | Orb.
     0 | D:1      | Reached XP level 1. HP: 15/15 MP: 3/3
   300 | D:1      | Reached XP level 2. HP: 22/22 MP: 3/5
  1302 | D:2      | Found a faded altar of an unknown god.
  1310 | D:2      | Reached XP level 3. HP: 27/28 MP: 6/6
  1780 | D:2      | Reached skill level 2 in Conjurations
  2416 | D:3      | Reached XP level 4. HP: 32/36 MP: 5/8
  2542 | D:3      | Learned a level 4 spell: Sticky Flame
  3103 | D:3      | Reached XP level 5. HP: 42/42 MP: 3/9
  3258 | D:3      | Learned a level 5 spell: Fireball
  3309 | D:3      | Reached skill level 3 in Conjurations
  3637 | D:4      | Noticed an ogre
  3677 | D:4      | Noticed an ogre
  3683 | D:3      | Killed an ogre
  3684 | D:3      | Reached XP level 6. HP: 12/49 MP: 4/10
  3929 | D:3      | Reached skill level 4 in Conjurations
  4415 | D:4      | Reached skill level 5 in Conjurations
  4415 | D:4      | Reached skill level 5 in Fire Magic
  4415 | D:4      | Reached XP level 7. HP: 32/55 MP: 11/11
  4733 | D:4      | Found a runed translucent door.
  4735 | D:4      | Noticed HendSelp's ghost (amateur GnGl)
  4880 | D:4      | Noticed Ijyb
  4893 | D:4      | Killed Ijyb
  5073 | D:5      | Entered Level 5 of the Dungeon
  5115 | D:5      | Reached skill level 6 in Conjurations
  5656 | D:5      | Reached XP level 8. HP: 50/62 MP: 12/12
  5781 | D:5      | Reached skill level 7 in Conjurations
  6396 | D:6      | Found Ragits's Assorted Antiques.
  6402 | D:6      | Bought a scorched amber ring for 105 gold pieces
  6402 | D:6      | Identified the ring "Xogivaf" {MP+9 Int+2} (You bought it
                  | in a shop on level 6 of the Dungeon)
  6402 | D:6      | Bought a pitted lead ring for 105 gold pieces
  6402 | D:6      | Identified the ring of Cauvolas {+Blink rF+ Int-2 Dex+6
                  | Stlth+} (You bought it in a shop on level 6 of the Dungeon)
  6530 | D:6      | Found Wytirewk's Armour Shoppe.
  6882 | D:6      | Found Xutuxkon's Distillery.
  6890 | D:6      | Bought a potion of curing for 42 gold pieces
  7285 | D:7      | Found a runed translucent door.
  7286 | D:7      | Found a burning altar of Makhleb.
  7286 | D:7      | Noticed a sixfirhy
  7329 | D:7      | Reached skill level 8 in Conjurations
  7453 | D:7      | Noticed a seven-headed hydra
  7453 | D:7      | Noticed a slime creature
  7453 | D:7      | Noticed a cyclops
  7453 | D:7      | Noticed a cyclops
  7454 | D:7      | Noticed an unseen horror
  7462 | D:7      | Noticed Menkaure
  7467 | D:7      | Killed Menkaure
  7499 | D:7      | Found a staircase to the Ecumenical Temple.
  7505 | D:7      | Killed an unseen horror
  7506 | D:7      | Reached skill level 9 in Conjurations
  7506 | D:7      | Reached XP level 9. HP: 6/68 MP: 13/13
  7509 | D:7      | HP: 3/68 [vampire mosquito (5)]
  7513 | D:7      | Killed a cyclops
  7519 | Temple   | Entered the Ecumenical Temple
  7836 | Temple   | Became a worshipper of Vehumet
  7947 | D:7      | Reached skill level 10 in Conjurations
  8088 | D:7      | HP: 3/68 [seven-headed hydra (1)]
  8088 | D:7      | Mangled by a seven-headed hydra

Illustrated notes

Levels and vault maps discovered:
D:1:      saegor_arrival_miasma, layout_basic
D:2:      layout_basic, serial_glass, glass_columns_b, glass_columns_c,
          glass_columns_a, glass_columns_b, ebering_ecumenical_altar_hall,
          roderic_lattice_a
D:3:      layout_basic, wander_ebering_terrifying_dragon_lair
D:4:      layout_rooms, ebering_ghost_reflecting_pool, uniq_ijyb
D:5:      layout_basic, hex_large
D:6:      cheibrodos_quashed, layout_loops_ring, serial_shops,
          nicolae_shop_stone, nicolae_shop_trees,
          nicolae_shop_overgrown_old_shop
D:7:      minmay_the_grid_octo_triangle [minmay_the_grid_octo_checkerflower,
          minmay_the_grid_octo_prize_star, minmay_the_grid_octo_horde],
          layout_loops_ring, chequers_temple_overflow_statue_of_worship,
          nzn_makhleb_speed_demon, temple_statues, uniq_pikel, uniq_menkaure
Temple:   nicolae_temple_x_marks_the_god

Skill      XL: |  1  2  3  4  5  6  7  8  9 |
---------------+----------------------------+-----
Conjurations   | 2 3 5 6 9 10 | 10.0
Spellcasting   | 3 |  3.2
Fire Magic     | 4 5 7 8 |  8.0
Dodging        | |  1.5
Stealth        | |  3.0

Action                   |  1- 3 |  4- 6 |  7- 9 || total
-------------------------+-------+-------+-------++-------
Melee: Whip              |    15 |       |       ||    15
       Long sword        |    30 |    27 |    15 ||    72
       Trident           |       |       |    28 ||    28
 Cast: Foxfire           |    41 |    31 |    55 ||   127
       Sticky Flame      |       |     3 |     5 ||     8
       Fireball          |       |       |     7 ||     7
 Abil: Spit Poison       |     2 |    13 |    17 ||    32
Evoke: Wand              |       |       |    12 ||    12
  Use: Scroll            |     4 |     1 |    16 ||    21
       Potion            |       |       |     5 ||     5
 Stab: Sleeping          |     5 |     1 |     1 ||     7
Armor: Robe              |     7 |     4 |       ||    11
       Leather armour    |       |     7 |    35 ||    42
Dodge: Dodged            |    17 |    25 |    51 ||    93
       Rpst.: Long sword |     6 |     7 |     2 ||    15

Table legend: (Time is in decaauts)
 A = Elapsed time spent in this place.
 B = Non-inter-level travel time spent in this place.
 C = Inter-level travel time spent in this place.
 D = Time resting spent in this place.
 E = Time spent auto-exploring this place.
 F = Levels seen in this place.
 G = Mean time per level.
                   A        B        C        D        E       F      G
               +--------+--------+--------+--------+--------+-----+--------+
         Total |   9779 |   9382 |    397 |   1998 |   5628 |   8 | 1222.4 |
       Dungeon |   9397 |   9000 |    397 |   1656 |   5604 |   7 | 1342.4 |
        Temple |    381 |    381 |      0 |    342 |     23 |   1 |  381.0 |
               +--------+--------+--------+--------+--------+-----+--------+

Top non-repeatable levels by time:
     D:3: 2097 daAuts
     D:4: 1667 daAuts
     D:1: 1518 daAuts
     D:2: 1362 daAuts
     D:5: 1084 daAuts
     D:6: 849 daAuts
     D:7: 817 daAuts
  Temple: 381 daAuts
